TAMPA BAY vs MONTREAL

Created - June 22, 2021 at 08:41

Goals
1 2 3 T
TAMPA BAY 2 0 0 2
MONTREAL 3 1 1 5
Shots
1 2 3 T
TAMPA BAY 10 6 6 22
MONTREAL 7 15 6 28

1st period

1. MONTREAL , Michael Grabner 1 (Nathan MacKinnon 3, P.K. Subban 3) at 6:24
2. MONTREAL , Brock McGinn 1 (Joel Armia 1, P.K. Subban 4) at 8:16
3. TAMPA BAY , Filip Chytil 1 (Nick Leddy 2, Jesper Bratt 1) at 8:45
4. TAMPA BAY , Filip Chytil 2 (Nick Leddy 3, Rasmus Andersson 3) at 16:28
5. MONTREAL , Joel Armia 2 (Keith Yandle 2, Mark Jankowski 1) at 19:16

Penalties :
Rasmus Andersson (TB ) for Boarding (Minor) at 10:46, Connor Murphy (MON) for High sticking (Minor) at 14:05

2nd period

6. MONTREAL , Phillip Danault 1 (Alex Iafallo 1, Keith Yandle 3) at 6:47 (PP)

Penalties :
Zach Werenski (TB ) for Interference (Minor) at 1:02, MacKenzie Weegar (TB ) for Elbowing (Minor) at 4:55, Mathew Barzal (TB ) for Holding (Minor) at 10:08, Rasmus Andersson (TB ) for Roughing (Minor) at 12:52, Vincent Trocheck (MON) for Charging (Minor) at 19:06

3rd period

7. MONTREAL , Phillip Danault 2 (Keith Yandle 4) at 14:27

Penalties :
No Penalty

Goalie Stats

Mike Smith (TB ), 23 saves from 28 shots - (0.821), L, 2-1-0, 60:00 minutes
Robin Lehner (MON), 20 saves from 22 shots - (0.909), W, 1-1-1, 60:00 minutes

Players Stats for TAMPA BAY

Player Name              G  A  P  +/- PIM S  H  SB GA TA FO     MP     PP MP  PK MP  
------------------------------------------------------------------------------------
Elias Lindholm           0  0  0  -1  0   6  1  2  0  0  15/29  20:19   1:52   5:48 
Filip Chytil             2  0  2   0  0   3  0  0  0  0  6/14   12:10   0:00   0:00 
Filip Forsberg           0  0  0  -1  0   2  0  0  0  0  1/2    18:45   1:52   4:14 
Jake Virtanen            0  0  0   0  0   0  0  0  0  0  1/1     7:39   0:00   0:00 
Jakob Silfverberg        0  0  0  -1  0   0  2  0  0  0  1/2    19:54   2:06   4:02 
Jesper Bratt             0  1  1   0  0   0  2  0  0  0  0/0    12:10   0:00   0:00 
John Klingberg           0  0  0  -3  0   1  2  1  0  0  0/0    23:48   2:19   4:57 
MacKenzie Weegar         0  0  0   0  2   1  2  0  0  0  0/0    16:35   0:53   0:43 
Mathew Barzal            0  0  0  -1  2   3  1  0  0  0  8/16   18:37   2:06   2:46 
Nick Leddy               0  2  2   1  0   0  4  2  0  0  0/0    20:29   1:39   4:08 
Rasmus Andersson         0  1  1   1  4   1  1  2  0  0  0/0    16:59   0:46   1:33 
Robby Fabbri             0  0  0   0  0   0  0  0  0  0  8/15    8:44   0:00   1:05 
Sebastian Aho            0  0  0  -1  0   3  0  0  0  0  0/0    14:31   1:52   0:00 
Tomas Tatar              0  0  0  -1  0   0  2  0  0  0  0/1    15:52   2:06   0:00 
Viktor Arvidsson         0  0  0   0  0   1  0  0  0  0  0/0    12:10   0:00   0:00 
Vladislav Gavrikov       0  0  0   0  0   0  0  0  0  0  0/0    19:07   0:00   4:07 
Wayne Simmonds           0  0  0   0  0   0  1  0  0  0  0/0     9:20   0:00   1:41 
Zach Werenski            0  0  0  -3  2   1  0  3  0  0  0/0    22:58   2:19   4:08 

Players Stats for MONTREAL

Player Name              G  A  P  +/- PIM S  H  SB GA TA FO     MP     PP MP  PK MP  
------------------------------------------------------------------------------------
Adam Larsson             0  0  0   2  0   1  1  0  0  0  0/0    18:19   0:31   1:19 
Alex Iafallo             0  1  1   1  0   2  1  1  0  0  1/1    19:43   4:39   0:00 
Brock McGinn             1  0  1   2  0   1  0  0  0  0  0/0    14:56   0:00   3:21 
Connor Murphy            0  0  0   1  2   1  3  0  0  0  0/0    22:54   4:03   0:52 
Corey Perry              0  0  0   0  0   0  0  0  0  0  0/0     0:00   0:00   0:00 
Jacob de La Rose         0  0  0   0  0   0  0  0  0  0  0/0     0:00   0:00   0:00 
Joel Armia               1  1  2   2  0   4  2  0  0  0  0/0    12:12   0:00   0:37 
Keith Yandle             0  3  3   2  0   1  0  0  0  0  0/0    22:00   4:15   1:47 
Mark Jankowski           0  1  1   2  0   3  0  0  0  0  12/18  12:55   0:00   0:49 
Max Pacioretty           0  0  0  -1  0   3  0  1  0  0  1/2    19:15   5:09   0:00 
Michael Grabner          1  0  1   0  0   2  0  0  0  0  0/0     5:29   0:00   0:00 
Nathan Beaulieu          0  0  0  -1  0   0  1  1  0  0  0/0    13:26   0:00   1:07 
Nathan MacKinnon         0  1  1  -1  0   2  0  0  0  0  9/29   23:59   4:55   0:00 
Nino Niederreiter        0  0  0   1  0   1  2  0  0  0  2/6    15:49   0:45   0:00 
P.K. Subban              0  2  2   1  0   0  5  0  0  0  0/0    25:17   5:00   2:51 
Phillip Danault          2  0  2   1  0   5  1  0  0  0  13/20  22:52   4:39   3:09 
Roope Hintz              0  0  0   0  0   0  0  0  0  0  1/2     9:37   4:08   0:00 
Sonny Milano             0  0  0   0  0   0  0  0  0  0  0/0     0:00   0:00   0:00 
Tony DeAngelo            0  0  0  -1  0   2  0  0  0  0  0/0    18:03   5:47   0:00 
Vincent Trocheck         0  0  0  -1  2   0  1  0  0  0  1/2    19:14   5:09   0:00 

3 Stars

1 - Phillip Danault (MON)
2 - Joel Armia (MON)
3 - Keith Yandle (MON)

Power Play

TAMPA BAY - 0 on 2 Attempt(s) - 0.00%
MONTREAL - 1 on 5 Attempt(s) - 20.00%

Penalty Kill

TAMPA BAY - 4 on 5 Attempt(s) - 80.00% - Score 0 goal in Penalty Kill
MONTREAL - 2 on 2 Attempt(s) - 100.00% - Score 0 goal in Penalty Kill

Team Stat

TAMPA BAY - Hits : 18 - Faceoff Wins : 40 - Blocked Shots : 10 - Penalty Minutes : 10
MONTREAL - Hits : 17 - Faceoff Wins : 40 - Blocked Shots : 3 - Penalty Minutes : 4

Official

Referees : Alex McNeil and Jay Seo
Linesman : Mike Venner and Andrew Smith

Game Notes

No Game Note

Finance

Level 1 -- Attendance: 4982 (83.03%) -- Ticket Income $498,200
Level 2 -- Attendance: 4477 (89.54%) -- Ticket Income $268,620
Level 3 -- Attendance: 2000 (100.00%) -- Ticket Income $70,000
Level 4 -- Attendance: 4000 (100.00%) -- Ticket Income $80,000
Luxury Box -- Attendance: 897 (89.70%) -- Ticket Income $179,400
Game was played at the Bell Centre.
Total Attendance: 16356 (90.87%)
Total Ticket Income: $1,096,220
Total Income: $1,096,220

TAMPA BAY

5 vs 5 Forward 
   Center                   Left Wing                Right Wing               Time % Phy DF OF 
 1 Elias Lindholm           Sebastian Aho            Filip Forsberg           30     1   2  2  
 2 Mathew Barzal            Tomas Tatar              Jakob Silfverberg        28     1   2  2  
 3 Filip Chytil             Jesper Bratt             Viktor Arvidsson         26     1   2  2  
 4 Robby Fabbri             Wayne Simmonds           Jake Virtanen            16     1   2  2  

5 vs 5 Defense 
   Defense                  Defense                                           Time % Phy DF OF 
 1 Zach Werenski            John Klingberg                                    35     1   2  2  
 2 Rasmus Andersson         Nick Leddy                                        33     1   2  2  
 3 MacKenzie Weegar         Vladislav Gavrikov                                32     1   2  2  
 4 MacKenzie Weegar         Vladislav Gavrikov                                0      1   2  2  

PowerPlay Forward 
   Center                   Left Wing                Right Wing               Time % Phy DF OF 
 1 Elias Lindholm           Sebastian Aho            Filip Forsberg           60     1   1  3  
 2 Mathew Barzal            Tomas Tatar              Jakob Silfverberg        40     1   1  3  

PowerPlay Defense
   Defense                  Defense                                           Time % Phy DF OF 
 1 Zach Werenski            John Klingberg                                    60     1   2  2  
 2 Nick Leddy               MacKenzie Weegar                                  40     1   2  2  

Penalty Kill 4 Players Forward 
   Center                   Wing                     Time % Phy DF OF 
 1 Elias Lindholm           Jakob Silfverberg        60     1   3  1  
 2 Mathew Barzal            Filip Forsberg           40     1   3  1  

Penalty Kill 4 Players Defense
   Defense                  Defense                  Time % Phy DF OF 
 1 Zach Werenski            John Klingberg           60     1   3  1  
 2 Nick Leddy               Vladislav Gavrikov       40     1   3  1  

Penalty Kill - 3 Players Forward 
   Forward                                           Time % Phy DF OF 
 1 Sebastian Aho                                     60     1   3  1  
 2 Elias Lindholm                                    40     1   3  1  

Penalty Kill - 3 Players Defense
   Defense                  Defense                  Time % Phy DF OF 
 1 Zach Werenski            John Klingberg           60     1   3  1  
 2 Nick Leddy               Vladislav Gavrikov       40     1   3  1  

4 vs 4 Forward 
   Center                   Wing                     Time % Phy DF OF 
 1 Sebastian Aho            Elias Lindholm           60     1   2  2  
 2 Mathew Barzal            Filip Forsberg           40     1   2  2  

4 vs 4 Defense
   Defense                  Defense                  Time % Phy DF OF 
 1 Zach Werenski            John Klingberg           60     1   2  2  
 2 Rasmus Andersson         Nick Leddy               40     1   2  2  

Last Minutes Offensive
   Center                   Left Wing                Right Wing               Defense                  Defense                  
   Elias Lindholm           Sebastian Aho            Mathew Barzal            Zach Werenski            John Klingberg           

Last Minutes Defensive
   Center                   Left Wing                Right Wing               Defense                  Defense                  
   Elias Lindholm           Sebastian Aho            Mathew Barzal            Zach Werenski            John Klingberg           

Goaltenders
Starting : Mike Smith               
Backup : Anders Nilsson           

Extra Forwards
Normal : Tomas Tatar, Viktor Arvidsson, Jesper Bratt - PP : Viktor Arvidsson, Jake Virtanen - PK : Filip Forsberg
Extra Defensemen
Normal : MacKenzie Weegar, Vladislav Gavrikov, Nick Leddy - PP : Rasmus Andersson - PK : Rasmus Andersson, MacKenzie Weegar
Penalty Shots
Sebastian Aho, Elias Lindholm, Mathew Barzal, Filip Forsberg, Viktor Arvidsson

Scratches
Tyson Jost (Healthy), TB Cap Hit (Healthy), Casey DeSmith (Healthy)

MONTREAL

5 vs 5 Forward 
   Center                   Left Wing                Right Wing               Time % Phy DF OF 
 1 Nathan MacKinnon         Max Pacioretty           Vincent Trocheck         33     0   2  3  
 2 Phillip Danault          Nino Niederreiter        Alex Iafallo             32     0   2  3  
 3 Mark Jankowski           Brock McGinn             Joel Armia               21     1   3  1  
 4 Nathan MacKinnon         Roope Hintz              Michael Grabner          14     1   2  2  

5 vs 5 Defense 
   Defense                  Defense                                           Time % Phy DF OF 
 1 P.K. Subban              Connor Murphy                                     35     1   2  2  
 2 Keith Yandle             Adam Larsson                                      30     2   2  1  
 3 Tony DeAngelo            Nathan Beaulieu                                   25     2   2  1  
 4 P.K. Subban              Connor Murphy                                     10     1   2  2  

PowerPlay Forward 
   Center                   Left Wing                Right Wing               Time % Phy DF OF 
 1 Nathan MacKinnon         Max Pacioretty           Vincent Trocheck         60     0   1  4  
 2 Phillip Danault          Roope Hintz              Alex Iafallo             40     0   1  4  

PowerPlay Defense
   Defense                  Defense                                           Time % Phy DF OF 
 1 P.K. Subban              Tony DeAngelo                                     60     0   2  3  
 2 Keith Yandle             Connor Murphy                                     40     0   2  3  

Penalty Kill 4 Players Forward 
   Center                   Wing                     Time % Phy DF OF 
 1 Phillip Danault          Brock McGinn             60     1   3  1  
 2 Mark Jankowski           Joel Armia               40     1   3  1  

Penalty Kill 4 Players Defense
   Defense                  Defense                  Time % Phy DF OF 
 1 P.K. Subban              Connor Murphy            60     1   3  1  
 2 Adam Larsson             Nathan Beaulieu          40     1   3  1  

Penalty Kill - 3 Players Forward 
   Forward                                           Time % Phy DF OF 
 1 Phillip Danault                                   60     1   3  1  
 2 Mark Jankowski                                    40     1   3  1  

Penalty Kill - 3 Players Defense
   Defense                  Defense                  Time % Phy DF OF 
 1 P.K. Subban              Connor Murphy            60     1   4  0  
 2 Adam Larsson             Nathan Beaulieu          40     1   4  0  

4 vs 4 Forward 
   Center                   Wing                     Time % Phy DF OF 
 1 Nathan MacKinnon         Max Pacioretty           60     0   2  3  
 2 Vincent Trocheck         Michael Grabner          40     0   2  3  

4 vs 4 Defense
   Defense                  Defense                  Time % Phy DF OF 
 1 P.K. Subban              Tony DeAngelo            60     1   2  2  
 2 Keith Yandle             Connor Murphy            40     1   2  2  

Last Minutes Offensive
   Center                   Left Wing                Right Wing               Defense                  Defense                  
   Nathan MacKinnon         Max Pacioretty           Vincent Trocheck         Tony DeAngelo            P.K. Subban              

Last Minutes Defensive
   Center                   Left Wing                Right Wing               Defense                  Defense                  
   Phillip Danault          Michael Grabner          Vincent Trocheck         P.K. Subban              Connor Murphy            

Goaltenders
Starting : Robin Lehner             
Backup : Anton Khudobin           

Extra Forwards
Normal : Nathan MacKinnon, Vincent Trocheck, Max Pacioretty - PP : Nino Niederreiter, Nathan MacKinnon - PK : Brock McGinn
Extra Defensemen
Normal : Tony DeAngelo, Nathan Beaulieu, Adam Larsson - PP : Tony DeAngelo - PK : Nathan Beaulieu, Adam Larsson
Penalty Shots
Nathan MacKinnon, Max Pacioretty, Vincent Trocheck, Roope Hintz, Nino Niederreiter

Scratches
MTL Cap Hit (Suspend)

% Time on Ice - TAMPA BAY

Lines # - Real PCT - Wanted PCT - Time Play
Normal Forward
1 - 27% - 30% - 12:39
2 - 30% - 28% - 13:46
3 - 26% - 26% - 12:10
4 - 17% - 16% - 7:39
Normal Defense
1 - 36% - 35% - 16:32
2 - 32% - 33% - 14:42
3 - 32% - 32% - 15:00
4 - 0% - 0% - 0:00
PP Forward
1 - 47% - 60% - 1:52
2 - 53% - 40% - 2:06
PP Defense
1 - 58% - 60% - 2:19
2 - 42% - 40% - 1:39
PK Forward
1 - 64% - 60% - 6:15
2 - 36% - 40% - 3:33
PK Defense
1 - 55% - 60% - 5:23
2 - 45% - 40% - 4:25
PK3 Forward
1 - 0% - 60%
2 - 0% - 40%
PK3 Defense
1 - 0% - 60%
2 - 0% - 40%
44 Forward
1 - 0% - 60%
2 - 0% - 40%
44 Defense
1 - 0% - 60%
2 - 0% - 40%
Last Minute Offensive  - 0:00
Last Minute Defensive  - 0:00
Total
Forward - 60:00
Defense - 60:00

% Time on Ice - MONTREAL

Lines # - Real PCT - Wanted PCT - Time Play
Normal Forward
1 - 30% - 33% - 14:06
2 - 33% - 32% - 15:04
3 - 25% - 21% - 11:35
4 - 12% - 14% - 5:29
Normal Defense
1 - 35% - 35% - 16:01
2 - 35% - 30% - 15:58
3 - 27% - 25% - 12:16
4 - 4% - 10% - 1:59
PP Forward
1 - 53% - 60% - 5:09
2 - 47% - 40% - 4:39
PP Defense
1 - 59% - 60% - 5:47
2 - 41% - 40% - 4:01
PK Forward
1 - 84% - 60% - 3:21
2 - 16% - 40% - 0:37
PK Defense
1 - 72% - 60% - 2:51
2 - 28% - 40% - 1:07
PK3 Forward
1 - 0% - 60%
2 - 0% - 40%
PK3 Defense
1 - 0% - 60%
2 - 0% - 40%
44 Forward
1 - 0% - 60%
2 - 0% - 40%
44 Defense
1 - 0% - 60%
2 - 0% - 40%
Last Minute Offensive  - 0:00
Last Minute Defensive  - 0:00
Total
Forward - 60:00
Defense - 60:00

Play-by-Play

1st period


0:01 of 1st period - Elias Lindholm wins face-off versus Nathan MacKinnon in neutral zone.
0:06 of 1st period - Connor Murphy is hit by Elias Lindholm and loses puck.
0:51 of 1st period - Vincent Trocheck is hit by Tomas Tatar.
1:56 of 1st period - Shot by Viktor Arvidsson.
1:56 of 1st period - Stopped by Robin Lehner with a rebound.
3:04 of 1st period - Icing by Vladislav Gavrikov.
3:05 of 1st period - Filip Chytil wins face-off versus Nino Niederreiter in TAMPA BAY zone.
3:27 of 1st period - John Klingberg is hit by Nino Niederreiter and loses puck.
4:27 of 1st period - Shot by Filip Forsberg.
4:27 of 1st period - Stopped by Robin Lehner without a rebound.
4:28 of 1st period - Vincent Trocheck wins face-off versus Tomas Tatar in MONTREAL zone.
5:51 of 1st period - Shot by Keith Yandle.
5:51 of 1st period - Stopped by Mike Smith without a rebound.
5:52 of 1st period - Mark Jankowski wins face-off versus Robby Fabbri in TAMPA BAY zone.
6:14 of 1st period - Shot by Tony DeAngelo.
6:14 of 1st period - Stopped by Mike Smith without a rebound.
6:15 of 1st period - Nathan MacKinnon wins face-off versus Filip Chytil in TAMPA BAY zone.
6:24 of 1st period - Shot by Michael Grabner.
6:24 of 1st period - Goal by Michael Grabner - TAMPA BAY : 0 - MONTREAL : 1.
6:25 of 1st period - Elias Lindholm wins face-off versus Nathan MacKinnon in neutral zone.
6:25 of 1st period - Elias Lindholm is hit by Vincent Trocheck.
6:44 of 1st period - Filip Forsberg is hit by Adam Larsson and loses puck.
6:55 of 1st period - Shot by Filip Forsberg.
6:55 of 1st period - Deflect By Elias Lindholm.
6:55 of 1st period - Stopped by Robin Lehner without a rebound.
6:56 of 1st period - Phillip Danault wins face-off versus Mathew Barzal in MONTREAL zone.
7:06 of 1st period - Tomas Tatar is hit by Connor Murphy.
7:20 of 1st period - Vladislav Gavrikov is hit by Connor Murphy and loses puck.
7:34 of 1st period - Icing by Vladislav Gavrikov.
7:35 of 1st period - Mathew Barzal wins face-off versus Nathan MacKinnon in TAMPA BAY zone.
7:42 of 1st period - Shot by Jakob Silfverberg.
7:42 of 1st period - Shot Misses the Net.
8:04 of 1st period - Shot by Nathan MacKinnon.
8:04 of 1st period - Stopped by Mike Smith without a rebound.
8:05 of 1st period - Elias Lindholm wins face-off versus Mark Jankowski in TAMPA BAY zone.
8:05 of 1st period - Sebastian Aho is hit by Joel Armia.
8:06 of 1st period - Icing by Sebastian Aho.
8:07 of 1st period - Mark Jankowski wins face-off versus Elias Lindholm in TAMPA BAY zone.
8:14 of 1st period - Shot by Joel Armia.
8:14 of 1st period - Shot Misses the Net.
8:16 of 1st period - Shot by Brock McGinn.
8:16 of 1st period - Goal by Brock McGinn - TAMPA BAY : 0 - MONTREAL : 2.
8:17 of 1st period - Filip Chytil wins face-off versus Nathan MacKinnon in neutral zone.
8:45 of 1st period - Shot by Filip Chytil.
8:45 of 1st period - Goal by Filip Chytil - TAMPA BAY : 1 - MONTREAL : 2.
8:46 of 1st period - Filip Forsberg wins face-off versus Nino Niederreiter in neutral zone.
8:50 of 1st period - Off-side.
8:51 of 1st period - Elias Lindholm wins face-off versus Phillip Danault in neutral zone.
9:10 of 1st period - Shot by Sebastian Aho.
9:10 of 1st period - Stopped by Robin Lehner without a rebound.
9:11 of 1st period - Robby Fabbri wins face-off versus Nathan MacKinnon in MONTREAL zone.
9:22 of 1st period - Shot by Max Pacioretty.
9:22 of 1st period - Shot Blocked by Rasmus Andersson.
9:25 of 1st period - Icing by Nick Leddy.
9:26 of 1st period - Robby Fabbri wins face-off versus Mark Jankowski in TAMPA BAY zone.
9:28 of 1st period - Icing by Rasmus Andersson.
9:29 of 1st period - Robby Fabbri wins face-off versus Nathan MacKinnon in TAMPA BAY zone.
10:09 of 1st period - Nathan MacKinnon is hit by Nick Leddy and loses puck.
10:46 of 1st period - Minor Penalty to Rasmus Andersson for Boarding.
10:47 of 1st period - Roope Hintz wins face-off versus Elias Lindholm in TAMPA BAY zone.
10:52 of 1st period - Shot by Phillip Danault.
10:52 of 1st period - Shot Blocked by Elias Lindholm.
10:54 of 1st period - Shot by Alex Iafallo.
10:54 of 1st period - Shot Blocked by Elias Lindholm.
11:33 of 1st period - Shot by Max Pacioretty.
11:33 of 1st period - Stopped by Mike Smith without a rebound.
11:34 of 1st period - Mathew Barzal wins face-off versus Nathan MacKinnon in TAMPA BAY zone.
12:00 of 1st period - Shot by P.K. Subban.
12:00 of 1st period - Shot Blocked by Zach Werenski.
12:02 of 1st period - Shot by Max Pacioretty.
12:02 of 1st period - Shot Misses the Net.
14:05 of 1st period - Minor Penalty to Connor Murphy for High sticking.
14:06 of 1st period - Mathew Barzal wins face-off versus Mark Jankowski in MONTREAL zone.
14:29 of 1st period - Shot by Zach Werenski.
14:29 of 1st period - Deflect By Jakob Silfverberg.
14:29 of 1st period - Shot Misses the Net.
14:31 of 1st period - Shot by Jakob Silfverberg.
14:31 of 1st period - Shot Misses the Net.
15:41 of 1st period - P.K. Subban is hit by Tomas Tatar and loses puck.
16:16 of 1st period - Shot by Jake Virtanen.
16:16 of 1st period - Shot Misses the Net.
16:18 of 1st period - Shot by MacKenzie Weegar.
16:18 of 1st period - Stopped by Robin Lehner without a rebound.
16:19 of 1st period - Nathan MacKinnon wins face-off versus Filip Chytil in MONTREAL zone.
16:28 of 1st period - Shot by Filip Chytil.
16:28 of 1st period - Goal by Filip Chytil - TAMPA BAY : 2 - MONTREAL : 2.
16:29 of 1st period - Robby Fabbri wins face-off versus Nathan MacKinnon in neutral zone.
17:20 of 1st period - Icing by Connor Murphy.
17:21 of 1st period - Elias Lindholm wins face-off versus Mark Jankowski in MONTREAL zone.
17:22 of 1st period - Shot by Sebastian Aho.
17:22 of 1st period - Shot Misses the Net.
17:40 of 1st period - Icing by Zach Werenski.
17:41 of 1st period - Nathan MacKinnon wins face-off versus Elias Lindholm in TAMPA BAY zone.
17:51 of 1st period - Icing by Zach Werenski.
17:52 of 1st period - Nathan MacKinnon wins face-off versus Elias Lindholm in TAMPA BAY zone.
17:57 of 1st period - Shot by Michael Grabner.
17:57 of 1st period - Shot Misses the Net.
18:15 of 1st period - Elias Lindholm is hit by P.K. Subban and loses puck.
18:20 of 1st period - Shot by Elias Lindholm.
18:20 of 1st period - Stopped by Robin Lehner without a rebound.
18:21 of 1st period - Mathew Barzal wins face-off versus Nino Niederreiter in MONTREAL zone.
18:24 of 1st period - Shot by Mathew Barzal.
18:24 of 1st period - Stopped by Robin Lehner without a rebound.
18:25 of 1st period - Mathew Barzal wins face-off versus Nathan MacKinnon in MONTREAL zone.
18:42 of 1st period - Shot by Jakob Silfverberg.
18:42 of 1st period - Shot Misses the Net.
18:54 of 1st period - Shot by Nathan MacKinnon.
18:54 of 1st period - Shot Blocked by Rasmus Andersson.
19:16 of 1st period - Shot by Joel Armia.
19:16 of 1st period - Goal by Joel Armia - TAMPA BAY : 2 - MONTREAL : 3.
19:17 of 1st period - Elias Lindholm wins face-off versus Nino Niederreiter in neutral zone.
19:20 of 1st period - Shot by Filip Forsberg.
19:20 of 1st period - Stopped by Robin Lehner with a rebound.
Goals for this period are 2 for TAMPA BAY vs 3 for MONTREAL.
Shots for this period are 10 for TAMPA BAY vs 7 for MONTREAL.

2nd period


0:01 of 2nd period - Phillip Danault wins face-off versus Mathew Barzal in neutral zone.
1:02 of 2nd period - Minor Penalty to Zach Werenski for Interference.
1:03 of 2nd period - Elias Lindholm wins face-off versus Nathan MacKinnon in TAMPA BAY zone.
1:12 of 2nd period - Shot by Elias Lindholm.
1:12 of 2nd period - Shot Misses the Net.
2:02 of 2nd period - Icing by Phillip Danault.
2:03 of 2nd period - Elias Lindholm wins face-off versus Roope Hintz in MONTREAL zone.
3:23 of 2nd period - Icing by Keith Yandle.
3:24 of 2nd period - Mark Jankowski wins face-off versus Robby Fabbri in MONTREAL zone.
3:43 of 2nd period - Shot by Mark Jankowski.
3:43 of 2nd period - Shot Misses the Net.
3:57 of 2nd period - Icing by Connor Murphy.
3:58 of 2nd period - Filip Chytil wins face-off versus Nathan MacKinnon in MONTREAL zone.
4:00 of 2nd period - Viktor Arvidsson is hit by Connor Murphy and loses puck.
4:26 of 2nd period - John Klingberg is hit by P.K. Subban and loses puck.
4:55 of 2nd period - Minor Penalty to MacKenzie Weegar for Elbowing.
4:56 of 2nd period - Nino Niederreiter wins face-off versus Elias Lindholm in TAMPA BAY zone.
5:05 of 2nd period - Shot by Tony DeAngelo.
5:05 of 2nd period - Shot Blocked by Nick Leddy.
5:07 of 2nd period - Shot by Tony DeAngelo.
5:07 of 2nd period - Stopped by Mike Smith with a rebound.
5:09 of 2nd period - Shot by Nino Niederreiter.
5:09 of 2nd period - Stopped by Mike Smith without a rebound.
5:10 of 2nd period - Elias Lindholm wins face-off versus Phillip Danault in TAMPA BAY zone.
5:10 of 2nd period - Elias Lindholm is hit by Alex Iafallo.
5:22 of 2nd period - Shot by Tony DeAngelo.
5:22 of 2nd period - Shot Blocked by Nick Leddy.
5:24 of 2nd period - Shot by Phillip Danault.
5:24 of 2nd period - Stopped by Mike Smith with a rebound.
6:10 of 2nd period - Shot by Nathan MacKinnon.
6:10 of 2nd period - Shot Misses the Net.
6:33 of 2nd period - Shot by Adam Larsson.
6:33 of 2nd period - Shot Misses the Net.
6:35 of 2nd period - Shot by Keith Yandle.
6:35 of 2nd period - Shot Misses the Net.
6:37 of 2nd period - Shot by Nino Niederreiter.
6:37 of 2nd period - Shot Misses the Net.
6:47 of 2nd period - Shot by Phillip Danault.
6:47 of 2nd period - Goal by Phillip Danault - TAMPA BAY : 2 - MONTREAL : 4.
6:48 of 2nd period - Mark Jankowski wins face-off versus Filip Chytil in neutral zone.
6:51 of 2nd period - Rasmus Andersson is hit by Joel Armia and loses puck.
7:06 of 2nd period - Shot by Joel Armia.
7:06 of 2nd period - Stopped by Mike Smith with a rebound.
7:08 of 2nd period - Shot by Mark Jankowski.
7:08 of 2nd period - Stopped by Mike Smith without a rebound.
7:09 of 2nd period - Robby Fabbri wins face-off versus Nathan MacKinnon in TAMPA BAY zone.
7:26 of 2nd period - Shot by Nathan MacKinnon.
7:26 of 2nd period - Deflect By Max Pacioretty.
7:26 of 2nd period - Shot Misses the Net.
7:30 of 2nd period - Shot by Max Pacioretty.
7:30 of 2nd period - Stopped by Mike Smith without a rebound.
7:31 of 2nd period - Mark Jankowski wins face-off versus Filip Chytil in TAMPA BAY zone.
7:48 of 2nd period - Shot by Jesper Bratt.
7:48 of 2nd period - Shot Misses the Net.
8:04 of 2nd period - Shot by Filip Chytil.
8:04 of 2nd period - Stopped by Robin Lehner without a rebound.
8:05 of 2nd period - Elias Lindholm wins face-off versus Phillip Danault in MONTREAL zone.
8:44 of 2nd period - Shot by Sebastian Aho.
8:44 of 2nd period - Stopped by Robin Lehner with a rebound.
9:04 of 2nd period - Zach Werenski is hit by Phillip Danault and loses puck.
9:20 of 2nd period - Vincent Trocheck is hit by Jakob Silfverberg.
9:44 of 2nd period - Vincent Trocheck is hit by John Klingberg and loses puck.
9:47 of 2nd period - Shot by P.K. Subban.
9:47 of 2nd period - Shot Misses the Net.
9:49 of 2nd period - Shot by Vincent Trocheck.
9:49 of 2nd period - Shot Misses the Net.
10:08 of 2nd period - Minor Penalty to Mathew Barzal for Holding.
10:09 of 2nd period - Phillip Danault wins face-off versus Elias Lindholm in TAMPA BAY zone.
10:11 of 2nd period - Roope Hintz is hit by Nick Leddy and loses puck.
11:09 of 2nd period - Shot by Connor Murphy.
11:09 of 2nd period - Shot Blocked by Zach Werenski.
11:11 of 2nd period - Shot by Connor Murphy.
11:11 of 2nd period - Stopped by Mike Smith without a rebound.
11:12 of 2nd period - Robby Fabbri wins face-off versus Vincent Trocheck in TAMPA BAY zone.
12:01 of 2nd period - Shot by Filip Forsberg.
12:01 of 2nd period - Shot Blocked by Alex Iafallo.
12:29 of 2nd period - Shot by Joel Armia.
12:29 of 2nd period - Stopped by Mike Smith without a rebound.
12:30 of 2nd period - Mathew Barzal wins face-off versus Nathan MacKinnon in TAMPA BAY zone.
12:52 of 2nd period - Minor Penalty to Rasmus Andersson for Roughing.
12:53 of 2nd period - Phillip Danault wins face-off versus Elias Lindholm in TAMPA BAY zone.
13:08 of 2nd period - Shot by Alex Iafallo.
13:08 of 2nd period - Stopped by Mike Smith without a rebound.
13:09 of 2nd period - Mathew Barzal wins face-off versus Nathan MacKinnon in TAMPA BAY zone.
14:00 of 2nd period - Nathan MacKinnon is hit by Mathew Barzal and loses puck.
14:59 of 2nd period - Shot by Viktor Arvidsson.
14:59 of 2nd period - Shot Misses the Net.
15:19 of 2nd period - Shot by Mark Jankowski.
15:19 of 2nd period - Stopped by Mike Smith without a rebound.
15:20 of 2nd period - Jake Virtanen wins face-off versus Phillip Danault in TAMPA BAY zone.
15:22 of 2nd period - Icing by Nick Leddy.
15:23 of 2nd period - Phillip Danault wins face-off versus Robby Fabbri in TAMPA BAY zone.
15:23 of 2nd period - Phillip Danault is hit by Rasmus Andersson.
15:25 of 2nd period - Shot by Alex Iafallo.
15:25 of 2nd period - Stopped by Mike Smith without a rebound.
15:26 of 2nd period - Phillip Danault wins face-off versus Robby Fabbri in TAMPA BAY zone.
15:43 of 2nd period - Shot by Phillip Danault.
15:43 of 2nd period - Stopped by Mike Smith without a rebound.
15:44 of 2nd period - Mark Jankowski wins face-off versus Elias Lindholm in TAMPA BAY zone.
15:47 of 2nd period - Shot by Joel Armia.
15:47 of 2nd period - Stopped by Mike Smith without a rebound.
15:48 of 2nd period - Phillip Danault wins face-off versus Elias Lindholm in TAMPA BAY zone.
16:15 of 2nd period - Shot by Elias Lindholm.
16:15 of 2nd period - Stopped by Robin Lehner with a rebound.
16:17 of 2nd period - Shot by Zach Werenski.
16:17 of 2nd period - Stopped by Robin Lehner without a rebound.
16:18 of 2nd period - Max Pacioretty wins face-off versus Jakob Silfverberg in MONTREAL zone.
16:37 of 2nd period - Shot by Max Pacioretty.
16:37 of 2nd period - Stopped by Mike Smith without a rebound.
16:38 of 2nd period - Filip Chytil wins face-off versus Mark Jankowski in TAMPA BAY zone.
17:25 of 2nd period - Off-side.
17:26 of 2nd period - Elias Lindholm wins face-off versus Nathan MacKinnon in neutral zone.
17:33 of 2nd period - Shot by Sebastian Aho.
17:33 of 2nd period - Deflect By Elias Lindholm.
17:33 of 2nd period - Shot Misses the Net.
17:37 of 2nd period - Shot by Sebastian Aho.
17:37 of 2nd period - Stopped by Robin Lehner without a rebound.
17:38 of 2nd period - Alex Iafallo wins face-off versus Mathew Barzal in MONTREAL zone.
19:06 of 2nd period - Minor Penalty to Vincent Trocheck for Charging.
19:07 of 2nd period - Phillip Danault wins face-off versus Mathew Barzal in MONTREAL zone.
19:14 of 2nd period - Shot by Mathew Barzal.
19:14 of 2nd period - Stopped by Robin Lehner with a rebound.
19:49 of 2nd period - Icing by Zach Werenski.
19:50 of 2nd period - Mark Jankowski wins face-off versus Elias Lindholm in TAMPA BAY zone.
Goals for this period are 0 for TAMPA BAY vs 1 for MONTREAL.
Shots for this period are 6 for TAMPA BAY vs 15 for MONTREAL.

3rd period


0:01 of 3rd period - Elias Lindholm wins face-off versus Phillip Danault in neutral zone.
1:47 of 3rd period - Off-side.
1:48 of 3rd period - Phillip Danault wins face-off versus Mathew Barzal in neutral zone.
2:59 of 3rd period - Shot by Sebastian Aho.
2:59 of 3rd period - Shot Misses the Net.
3:01 of 3rd period - Shot by John Klingberg.
3:01 of 3rd period - Stopped by Robin Lehner without a rebound.
3:02 of 3rd period - Filip Chytil wins face-off versus Nathan MacKinnon in MONTREAL zone.
3:02 of 3rd period - Viktor Arvidsson is hit by Nathan Beaulieu.
3:14 of 3rd period - Vincent Trocheck is hit by Jesper Bratt and loses puck.
3:20 of 3rd period - Icing by Max Pacioretty.
3:21 of 3rd period - Robby Fabbri wins face-off versus Nathan MacKinnon in MONTREAL zone.
3:27 of 3rd period - Icing by Nathan MacKinnon.
3:28 of 3rd period - Nathan MacKinnon wins face-off versus Elias Lindholm in MONTREAL zone.
3:34 of 3rd period - Off-side.
3:35 of 3rd period - Mark Jankowski wins face-off versus Elias Lindholm in neutral zone.
3:46 of 3rd period - Shot by Joel Armia.
3:46 of 3rd period - Shot Blocked by John Klingberg.
4:33 of 3rd period - Shot by Mathew Barzal.
4:33 of 3rd period - Stopped by Robin Lehner without a rebound.
4:34 of 3rd period - Nathan MacKinnon wins face-off versus Filip Chytil in MONTREAL zone.
4:40 of 3rd period - Icing by Connor Murphy.
4:41 of 3rd period - Nathan MacKinnon wins face-off versus Mathew Barzal in MONTREAL zone.
5:30 of 3rd period - Icing by Vladislav Gavrikov.
5:31 of 3rd period - Mathew Barzal wins face-off versus Phillip Danault in TAMPA BAY zone.
5:39 of 3rd period - Shot by Phillip Danault.
5:39 of 3rd period - Stopped by Mike Smith without a rebound.
5:40 of 3rd period - Nino Niederreiter wins face-off versus Filip Forsberg in TAMPA BAY zone.
5:40 of 3rd period - Nino Niederreiter is hit by John Klingberg.
6:01 of 3rd period - Shot by Elias Lindholm.
6:01 of 3rd period - Stopped by Robin Lehner without a rebound.
6:02 of 3rd period - Mark Jankowski wins face-off versus Filip Chytil in MONTREAL zone.
6:33 of 3rd period - Icing by Jesper Bratt.
6:34 of 3rd period - Nathan MacKinnon wins face-off versus Filip Chytil in TAMPA BAY zone.
6:34 of 3rd period - Nathan MacKinnon is hit by Nick Leddy.
6:51 of 3rd period - Icing by Rasmus Andersson.
6:52 of 3rd period - Phillip Danault wins face-off versus Filip Chytil in TAMPA BAY zone.
7:00 of 3rd period - Alex Iafallo is hit by Nick Leddy and loses puck.
7:24 of 3rd period - Icing by Zach Werenski.
7:25 of 3rd period - Elias Lindholm wins face-off versus Nathan MacKinnon in TAMPA BAY zone.
7:37 of 3rd period - Shot by Elias Lindholm.
7:37 of 3rd period - Shot Misses the Net.
8:16 of 3rd period - Icing by Zach Werenski.
8:17 of 3rd period - Elias Lindholm wins face-off versus Phillip Danault in TAMPA BAY zone.
9:07 of 3rd period - Shot by Jakob Silfverberg.
9:07 of 3rd period - Shot Misses the Net.
9:09 of 3rd period - Shot by Tomas Tatar.
9:09 of 3rd period - Shot Misses the Net.
9:11 of 3rd period - Shot by Mathew Barzal.
9:11 of 3rd period - Deflect By Tomas Tatar.
9:11 of 3rd period - Shot Misses the Net.
10:35 of 3rd period - Shot by Max Pacioretty.
10:35 of 3rd period - Deflect By Nathan MacKinnon.
10:35 of 3rd period - Stopped by Mike Smith without a rebound.
10:36 of 3rd period - Nathan MacKinnon wins face-off versus Robby Fabbri in TAMPA BAY zone.
10:49 of 3rd period - Shot by Nathan MacKinnon.
10:49 of 3rd period - Shot Misses the Net.
10:51 of 3rd period - Shot by P.K. Subban.
10:51 of 3rd period - Shot Blocked by Zach Werenski.
10:53 of 3rd period - Shot by Michael Grabner.
10:53 of 3rd period - Stopped by Mike Smith with a rebound.
11:06 of 3rd period - Icing by Wayne Simmonds.
11:07 of 3rd period - Phillip Danault wins face-off versus Robby Fabbri in TAMPA BAY zone.
11:18 of 3rd period - Phillip Danault is hit by Wayne Simmonds.
11:24 of 3rd period - Shot by Alex Iafallo.
11:24 of 3rd period - Shot Misses the Net.
11:53 of 3rd period - Off-side.
11:54 of 3rd period - Mark Jankowski wins face-off versus Elias Lindholm in neutral zone.
12:16 of 3rd period - Shot by Filip Forsberg.
12:16 of 3rd period - Shot Blocked by Nathan Beaulieu.
12:30 of 3rd period - Shot by Filip Forsberg.
12:30 of 3rd period - Shot Hit the Post.
12:32 of 3rd period - Shot by Rasmus Andersson.
12:32 of 3rd period - Stopped by Robin Lehner without a rebound.
12:33 of 3rd period - Jakob Silfverberg wins face-off versus Max Pacioretty in MONTREAL zone.
12:59 of 3rd period - Shot by Vladislav Gavrikov.
12:59 of 3rd period - Shot Blocked by Max Pacioretty.
13:18 of 3rd period - Icing by P.K. Subban.
13:19 of 3rd period - Filip Chytil wins face-off versus Nathan MacKinnon in MONTREAL zone.
14:27 of 3rd period - Shot by Phillip Danault.
14:27 of 3rd period - Goal by Phillip Danault - TAMPA BAY : 2 - MONTREAL : 5.
14:28 of 3rd period - Mark Jankowski wins face-off versus Elias Lindholm in neutral zone.
14:41 of 3rd period - Shot by Elias Lindholm.
14:41 of 3rd period - Stopped by Robin Lehner without a rebound.
14:42 of 3rd period - Phillip Danault wins face-off versus Mathew Barzal in MONTREAL zone.
14:42 of 3rd period - Phillip Danault is hit by Jakob Silfverberg.
15:13 of 3rd period - Alex Iafallo is hit by MacKenzie Weegar and loses puck.
15:56 of 3rd period - Shot by Mark Jankowski.
15:56 of 3rd period - Stopped by Mike Smith without a rebound.
15:57 of 3rd period - Elias Lindholm wins face-off versus Nathan MacKinnon in TAMPA BAY zone.
16:07 of 3rd period - Filip Forsberg is hit by P.K. Subban and loses puck.
16:28 of 3rd period - Shot by Elias Lindholm.
16:28 of 3rd period - Stopped by Robin Lehner with a rebound.
16:31 of 3rd period - Sebastian Aho is hit by P.K. Subban and loses puck.
16:56 of 3rd period - Phillip Danault is hit by Jesper Bratt and loses puck.
17:24 of 3rd period - Off-side.
17:25 of 3rd period - Robby Fabbri wins face-off versus Mark Jankowski in neutral zone.
17:31 of 3rd period - Icing by Nathan Beaulieu.
17:32 of 3rd period - Mark Jankowski wins face-off versus Robby Fabbri in MONTREAL zone.
17:53 of 3rd period - Mark Jankowski is hit by MacKenzie Weegar and loses puck.
18:55 of 3rd period - Filip Forsberg is hit by P.K. Subban and loses puck.
19:12 of 3rd period - Shot by Adam Larsson.
19:12 of 3rd period - Stopped by Mike Smith without a rebound.
19:13 of 3rd period - Phillip Danault wins face-off versus Mathew Barzal in TAMPA BAY zone.
19:37 of 3rd period - John Klingberg is hit by Nino Niederreiter and loses puck.
19:48 of 3rd period - Shot by Jakob Silfverberg.
19:48 of 3rd period - Shot Misses the Net.
Goals for this period are 0 for TAMPA BAY vs 1 for MONTREAL.
Shots for this period are 6 for TAMPA BAY vs 6 for MONTREAL.